 Dungeon Crawl Stone Soup version 0.29.1-2-gbd0b4ee654 (webtiles) character file.

Game seed: 4060357454834615114

1403 concernfroge the Fighter (level 8, -1/72 HPs)
             Began as a Mummy Monk on Nov 22, 2022.
             Was a Priest of Okawaru.
             Killed from afar by Maggie (23 damage)
             ... with a bolt of fire
             ... on level 6 of the Dungeon.
             The game lasted 00:16:35 (6351 turns).

concernfroge the Fighter (Mummy Monk)               Turns: 6351, Time: 00:16:36

Health: -1/72      AC: 21    Str: 16    XL:     8   Next: 42%
Magic:  9/11       EV: 14    Int:  9    God:    Okawaru [***...]
Gold:   96         SH:  0    Dex: 15    Spells: 7/7 levels left

rFire   . . .      SeeInvis .   q - +1 morningstar (protect)
rCold   + . .      Faith    +   (no shield)
rNeg    + + +      Spirit   .   b - +2 ring mail {rC+}
rPois   ∞          Reflect  .   (no helmet)
rElec   .          Harm     .   (no cloak)
rCorr   .          Rampage  .   h - +0 pair of gloves
Will    +....                   p - +0 pair of boots
Stlth   +++.......              c - amulet of faith
HPRegen 0.22/turn               g - +4 ring of protection
MPRegen 0.12/turn               s - ring of fire

@: heroic, under a protective aura
A: cold resistance 1, negative energy resistance 3, torment resistance 2, heat
vulnerability 1, in touch with death 1, no potions
a: Renounce Religion, Heroism


You were on level 6 of the Dungeon.
You worshipped Okawaru.
Okawaru was most pleased with you.
You visited 2 branches of the dungeon, and saw 7 of its levels.
You also visited: Ossuary.

You collected 241 gold pieces.
You spent 145 gold pieces at shops.

Inventory:

Hand Weapons
 q - a +1 morningstar of protection (weapon)
Missiles
 a - 4 boomerangs
 n - 13 poisoned darts (quivered)
Armour
 b - a +2 ring mail of cold resistance (worn)
 h - a +0 pair of gloves (worn)
 p - a +0 pair of boots (worn)
Jewellery
 c - an amulet of faith (around neck)
 g - a +4 ring of protection (left hand)
 s - a ring of fire (right hand)
Wands
 k - a wand of iceblast (5)
 r - a wand of digging (6)
 t - a wand of flame (10)
Scrolls
 d - 4 scrolls of teleportation
 e - 2 scrolls of vulnerability
 f - 3 scrolls of poison
 i - 3 scrolls of amnesia
 l - a scroll of blinking
 m - a scroll of noise
 o - a scroll of identify
 u - a scroll of brand weapon
 v - a scroll of fear


   Skills:
 + Level 9.9(14.9) Fighting
 - Level 2.4(7.4) Polearms
 - Level 2.4(7.4) Dodging
 - Level 1.5(6.5) Stealth
 - Level 4.0 Invocations


You had 7 spell levels left.
You didn't know any spells.
Your spell library contained the following spells:

 Spells                   Type           Power      Damage    Failure   Level
 Magic Dart               Conj           0%         1d3       58%         1
 Blink                    Tloc           0%         N/A       73%         2
 Searing Ray              Conj           0%         2d4       73%         2
 Confusing Touch          Hex            0%         N/A       91%         3
 Mephitic Cloud           Conj/Pois/Air  0%         N/A       91%         3
 Fulminant Prism          Conj/Hex       0%         3d6       100%        4
 Iskenderun's Mystic Bla  Conj/Tloc      0%         2d3       100%        4
 Lee's Rapid Deconstruct  Erth           0%         3d5*      100%        5
 Manifold Assault         Tloc           0%         N/A       100%        5
 Yara's Violent Unravell  Hex/Tmut       0%         3d3       100%        5
 Enfeeble                 Hex            0%         N/A       100%        7
 Call Imp                 Summ           Unusable   N/A       N/A         2
 Storm Form               Tmut/Air       Unusable   N/A       N/A         7

Dungeon Overview and Level Annotations

Branches:
Dungeon (6/15)             Temple (1/1) D:4         Ossuary (visited)

Altars:
Ashenzari
Cheibriados
Fedhas
Hepliaklqana
Kikubaaqudgha
Makhleb
Nemelex Xobeh
Okawaru
Qazlal
Ru
Sif Muna
Trog
Uskayaw
Vehumet
Wu Jian
Xom
Yredelemnul

Shops:
D:5 [*:

Annotations:
D:2 1 runed translucent door, Crazy Yiuf
D:4 1 runed translucent door, nshep25's ghost, amateur MiFi
D:6 Maggie


Innate Abilities, Weirdness & Mutations

You are immune to poison.
Your flesh is cold resistant. (rC+)
You are immune to negative energy. (rN+++)
You are immune to unholy pain and torment.
You are vulnerable to heat. (rF-)
You are in touch with the powers of death.
You do not drink.


Message History

Maggie hits you with a +2 scimitar of flaming!
Maggie burns you.
You closely miss Maggie.
Maggie is severely wounded.
You break out of your daze.
Maggie mumbles some strange words.
Maggie attempts to bespell you! You resist.
You barely miss Maggie.
Maggie is severely wounded.
Maggie hits you with a +2 scimitar of flaming.
Maggie burns you.
Maggie hits you with a +2 scimitar of flaming.
Maggie burns you.
You closely miss Maggie.
Maggie is severely wounded.
Maggie hits you with a +2 scimitar of flaming.
Maggie burns you.
You puncture Maggie!
Your weapon exudes an aura of protection.
Maggie is almost dead.
Maggie points at you and mumbles some strange words.
The bolt of fire hits you!
Maggie hits you with a +2 scimitar of flaming.
Maggie burns you.
* * * LOW HITPOINT WARNING * * *
You gain the combat prowess of a mighty hero.
Maggie closely misses you.
You hit Maggie.
Maggie is almost dead.
Maggie hits you but does no damage.
You hit Maggie but do no damage.
Maggie is almost dead.
Maggie points at you and mumbles some strange words.
The bolt of fire hits you but does no damage.
You sock Maggie!
Maggie is almost dead.
Maggie misses you.
Maggie points at you and mumbles some strange words.
The bolt of fire hits you!!
You die...

....#.#...#.# ##.### #######
##.##.#...#.# #.# ########
##.##.#...#.# #.# #......#
...##.......# #.#####...)..#
########.#### #......)####.#
#.......# #..#.......#.##
###.####..# #..#.##.##.....
#......#..#########....##.####.##
#..............@@.##.####......#
..............###.##...........#
..####...#.##.# #.##############
..# #...#.##.# #.### .##
#.....##.# #...# .# ##..####.#
###.# ## #..# #.# #.# .... ..#
#.# #.... ### #.#


You could see Maggie.

Vanquished Creatures
  A water moccasin (D:5)
  3 ice beasts
  A black bear (D:5)
  An ogre (D:4)
  A centaur (D:6)
  A bullfrog (D:6)
  2 necrophages (D:6)
  A jelly (D:4)
  5 hounds
  5 iguanas
  A mummy (Ossuary)
  9 adders
  A shadow imp (D:6)
  3 ufetubi
  3 adder zombies (Ossuary)
  2 worms
  20 orcs
  6 endoplasms
  5 giant cockroaches
  2 goblins (D:3)
  8 hobgoblins
  12 jackals
  A quokka (D:1)
  5 ball pythons
  6 bats
  2 frilled lizards (D:1)
  A gnoll zombie (Ossuary)
  A goblin zombie (Ossuary)
  5 hobgoblin zombies (Ossuary)
  7 kobolds
  2 kobold zombies (Ossuary)
  An orc zombie (D:4)
  2 quokka zombies (Ossuary)
  7 rats
  A rat zombie (Ossuary)
134 creatures vanquished.

Vanquished Creatures (collateral kills)
  2 mummies (Ossuary)
  An adder zombie (Ossuary)
  A hobgoblin zombie (Ossuary)
  A rat zombie (Ossuary)
5 creatures vanquished.

Vanquished Creatures (others)
  10 fungi (D:2)
  3 plants (D:2)
  4 toadstools (D:1)
17 creatures vanquished.

Grand Total: 156 creatures vanquished

Notes
Turn   | Place    | Note
-------+----------+-------------------------------------------
     0 | D:1      | concernfroge the Mummy Monk began the quest for the Orb.
     0 | D:1      | Reached XP level 1. HP: 18/18 MP: 1/1
   245 | D:1      | Reached XP level 2. HP: 24/24 MP: 2/2
   612 | D:1      | Reached skill level 4 in Fighting
   965 | D:1      | Gained mutation: You are in touch with the powers of death.
                  | [Mummy growth]
   965 | D:1      | Reached XP level 3. HP: 30/30 MP: 3/3
  1256 | D:2      | Found a runed translucent door.
  1257 | D:2      | Noticed Crazy Yiuf
  1622 | D:2      | Found a faded altar of an unknown god.
  2003 | D:3      | Reached skill level 5 in Fighting
  2003 | D:3      | Reached XP level 4. HP: 34/39 MP: 4/4
  2772 | D:4      | Found a sand-covered staircase.
  2800 | Ossuary  | Entered an ossuary
  2813 | Ossuary  | Reached XP level 5. HP: 42/46 MP: 5/5
  2829 | Ossuary  | Reached skill level 6 in Fighting
  3274 | D:4      | Noticed an ogre
  3282 | D:4      | Killed an ogre
  3283 | D:4      | Reached XP level 6. HP: 27/53 MP: 6/6
  3458 | D:4      | Reached skill level 7 in Fighting
  3587 | D:4      | Noticed an ice beast
  3603 | D:4      | Killed an ice beast
  3811 | D:4      | Found a snail-covered altar of Cheibriados.
  3849 | D:4      | Found a runed translucent door.
  3854 | D:4      | Reached skill level 8 in Fighting
  3858 | D:4      | Noticed nshep25's ghost (amateur MiFi)
  3876 | D:4      | Found a staircase to the Ecumenical Temple.
  3882 | Temple   | Entered the Ecumenical Temple
  4095 | D:4      | Reached XP level 7. HP: 53/62 MP: 7/7
  4400 | D:5      | Entered Level 5 of the Dungeon
  4583 | D:5      | Found Qacaeget's Book Boutique.
  4797 | D:5      | Found an iron altar of Okawaru.
  4806 | D:5      | Became a worshipper of Warmaster Okawaru
  4806 | D:5      | Reached * piety under Okawaru
  4806 | D:5      | Reached ** piety under Okawaru
  4808 | D:5      | Found a sacrificial altar of Ru.
  4809 | D:5      | Found a blossoming altar of Fedhas.
  4809 | D:5      | Found a hide-covered altar of Uskayaw.
  4809 | D:5      | Found a bloodstained altar of Trog.
  4809 | D:5      | Found an ancient bone altar of Kikubaaqudgha.
  4809 | D:5      | Found an ornate altar of the Wu Jian Council.
  4810 | D:5      | Found a broken altar of Ashenzari.
  4811 | D:5      | Found a burning altar of Makhleb.
  4812 | D:5      | Found a radiant altar of Vehumet.
  4813 | D:5      | Found a basalt altar of Yredelemnul.
  4814 | D:5      | Found a shimmering altar of Xom.
  4860 | D:5      | Reached skill level 1 in Invocations
  4884 | D:5      | Found Fiarrib's Armour Shop.
  4940 | D:5      | Found Dyijufol's Assorted Antiques.
  4952 | D:5      | Bought a sapphire ring for 145 gold pieces
  5175 | D:5      | Reached skill level 9 in Fighting
  5634 | D:6      | Reached XP level 8. HP: 66/71 MP: 9/9
  5722 | D:6      | Reached *** piety under Okawaru
  6334 | D:6      | Noticed Maggie
  6351 | D:6      | Killed from afar by Maggie

Illustrated notes

Levels and vault maps discovered:
D:1:      ldierk_walled_garden_2, layout_loops_cross
D:2:      minmay_evil_eye, layout_loops_ring,
          shapermc_ecumenical_altar_hornbeckon, uniq_crazy_yiuf_cottage
D:3:      layout_loops_ring
D:4:      layout_basic, mainiacjoe_overflow_concentric_impassable, temple_green,
          ebering_ghost_reflecting_pool, enter_ossuary_3,
          hangedman_decor_riveting
D:5:      lemuel_ice_spiral_2, layout_basic, minitemple, serial_shops,
          nicolae_stop_n_shop_2, shop_fountains, shop
D:6:      layout_loops_cross, uniq_maggie
Temple:   nicolae_temple_bog_church

Skill      XL: |  1  2  3  4  5  6  7  8 |
---------------+-------------------------+-----
Fighting       | 4 5 6 8 9 |  9.9
Invocations    | 2 4 |  4.0
Polearms       | |  2.4
Dodging        | |  2.4
Stealth        | |  1.5

Action                   |  1- 3 |  4- 6 |  7- 9 || total
-------------------------+-------+-------+-------++-------
Melee: Spear             |   146 |       |       ||   146
       Punch             |     2 |     2 |     1 ||     5
       Flail             |     5 |   188 |    27 ||   220
       Morningstar       |       |       |   147 ||   147
Throw: Dart              |       |       |     8 ||     8
Invok: Heroism           |       |       |     1 ||     1
Evoke: Wand              |       |       |     3 ||     3
  Use: Scroll            |       |     8 |     2 ||    10
 Stab: Sleeping          |     5 |       |       ||     5
Armor: Robe              |    15 |       |       ||    15
       Ring mail         |    21 |   137 |   157 ||   315
Dodge: Dodged            |    67 |   143 |   160 ||   370
